 Dungeon Crawl Stone Soup version 0.29-a0-925-g0a7a3d12f8 (webtiles) character file.

Game seed: 12736469585506729605

66 Spectrina the Magician (level 4, -3/31 HPs)
             Began as a Djinni Venom Mage on July 29, 2022.
             Slain by an orc
             ... wielding a +0 mace
              (6 damage)
             ... on level 4 of the Dungeon.
             The game lasted 00:03:58 (454 turns).

Spectrina the Magician (Djinni Venom Mage)           Turns: 454, Time: 00:03:59

Health: -3/31      AC:  2    Str:  7    XL:     4   Next: 37%
Gold:   57         EV: 12    Int: 19    God:
                   SH:  0    Dex: 13

rFire   + + .      SeeInvis .   (no weapon)
rCold   x . .      Faith    .   (no shield)
rNeg    . . .      Spirit   .   a - +0 robe
rPois   ∞          Reflect  .   (no helmet)
rElec   .          Harm     .   (no cloak)
rCorr   .          Rampage  .   (no gloves)
Will    .....                   (boots unavailable)
Stlth   ++........              g - amulet of the acrobat
HPRegen 0.10/turn               (no ring)
MPRegen 0.00/turn               (no ring)

@: flying, very slightly contaminated
A: sickness immunity, fire resistance 2, cold vulnerability 1, float, innate
caster, HP casting, extra vitality 1
a: no special abilities


You were on level 4 of the Dungeon.
You visited 1 branch of the dungeon, and saw 5 of its levels.

You collected 57 gold pieces.

Inventory:

Missiles
 b - 2 poisoned darts (quivered)
Armour
 a - a +0 robe (worn)
Magical Staves
 d - a staff of cold
Jewellery
 g - an amulet of the acrobat (around neck)
Wands
 e - a wand of charming (6)
Scrolls
 f - a scroll of magic mapping {unknown}
 k - a scroll of identify {unknown}
Potions
 c - a potion of lignification {unknown}
 h - a potion of ambrosia {unknown}
 i - a potion of haste {unknown}
 j - a potion of curing {unknown}


   Skills:
 - Level 2.1 Dodging
 - Level 1.5 Stealth
 + Level 3.8 Spellcasting


You couldn't memorise any spells.
You knew the following spells:

 Your Spells              Type           Power      Damage    Failure   Level
a - Sting                 Tmut/Pois      72%        1d6       3%          1
f - Olgreb's Toxic Radia  Pois           18%        N/A       28%         4
l - Slow                  Hex            72%        N/A       3%          1
m - Mephitic Cloud        Conj/Pois/Air  18%        N/A       9%          3
q - Poisonous Vapours     Pois/Air       36%        N/A       4%          2
Your spell library was empty.

Dungeon Overview and Level Annotations

Branches:
Dungeon (5/15)
 Temple: D:4-7

Altars:


Innate Abilities, Weirdness & Mutations

You are immune to sickness and miasma.
You are immune to poison.
Your flesh is very heat resistant. (rF++)
You are vulnerable to cold. (rC-)
You float through the air rather than walking.
You learn spells naturally, not from books.
Your magical power is your life essence.
You have superior vitality. (+4 MHP)


Message History

You fly upwards.
There is a stone staircase leading down here.
You fly downwards.
There is a stone staircase leading up here.
There is a stone staircase leading down here.
You fly downwards.
Found a glowing inky potion and a scroll labelled YRAGOL YNOAMEU.
Found a stone staircase leading down.
There is a stone staircase leading up here.
Found an escape hatch in the floor.
j - a glowing inky potion
k - a scroll labelled YRAGOL YNOAMEU 3 gnolls come into view.
The gnoll shouts! x3
Unknown command.
Adjust (i)tems, (s)pells, or (a)bilities?
Adjust which spell? d - Olgreb's Toxic Radiance Adjust to which letter? f - Olgreb's Toxic Radiance
Casting: Sting (safe; 3% risk of failure)
Confirm with . or Enter, or press ? or * to list all spells.
The spell is extremely dangerous to miscast (28% risk of failure)!
Continue anyway?
You miscast Olgreb's Toxic Radiance.
You are very lightly contaminated with residual magic.
Nothing appears to happen.
* * * LOW HITPOINT WARNING * * *
Unknown command.
Unknown command.
Casting: Olgreb's Toxic Radiance (extremely dangerous; 28% risk of failure)
Confirm with . or Enter, or press ? or * to list all spells.
The spell is extremely dangerous to miscast (28% risk of failure)!
Continue anyway?
You miscast Olgreb's Toxic Radiance.
Nothing appears to happen.
* * * LOW HITPOINT WARNING * * *
There is a stone staircase leading up here.
You fly upwards.
The orc completely misses you.
There is a stone staircase leading down here.
Unknown command.
The orc attacks as you move away! The orc hits you with a +0 mace.
You die...

......#.# #.#####
##..#.#.###.#....#
.................#
......#.#####....# #
#.#####.#####....##.#
#...................
#######.#######S.####
#######.###<.....<..#
................@...# #
#...[......).#..o...#.#
#.......)....#.#....#.##
#............#.........#
####'####+#######...####
...# #....# .### #..#.#
#o #....# . ..#...


You could see an orc and a ball python (wandering).

Vanquished Creatures
  An orc priest (D:4)
  An adder (D:3)
  2 dart slugs
  4 orcs (D:4)
  3 bats
  3 goblins
  2 hobgoblins
  3 ball pythons
  3 kobolds
22 creatures vanquished.

Notes
Turn   | Place    | Note
-------+----------+-------------------------------------------
     0 | D:1      | Spectrina the Djinni Venom Mage began the quest for the
                  | Orb.
     0 | D:1      | Spectrina set off with the following spells memorised:
                  | Sting, Poisonous Vapours, Mephitic Cloud, Olgreb's Toxic
                  | Radiance.
     0 | D:1      | Reached XP level 1. HP: 15/15 MP: 0/0
    63 | D:1      | Reached XP level 2. HP: 12/21 MP: 0/0
   163 | D:1      | Reached skill level 3 in Spellcasting
   279 | D:4      | Reached XP level 3. HP: 7/25 MP: 0/0
   279 | D:4      | Learned a level 1 spell: Slow
   279 | D:4      | Reached XP level 4. HP: 8/31 MP: 0/0
   405 | D:5      | Entered Level 5 of the Dungeon
   454 | D:4      | Slain by an orc

Illustrated notes

Levels and vault maps discovered:
D:1:      lightli_arrival_statue_moat, layout_loops_ring
D:2:      layout_loops_ring
D:3:      layout_rooms
D:4:      minmay_spotlight, layout_basic, lemuel_blue_sif_altar,
          lemuel_coloured_pillars_altar, mainiacjoe_overflow_catwalk,
          serial_shops, shop
D:5:      layout_layer_cave, mainiacjoe_overflow_divided_tiny, uniq_duvessa,
          uniq_menkaure

Skill      XL: |  1  2 |
---------------+-------+-----
Spellcasting   | 3 |  3.8
Dodging        | |  2.1
Stealth        | |  1.5

Action                   |  1- 3 |  4- 6 || total
-------------------------+-------+-------++-------
Melee: Unarmed           |     3 |       ||     3
Throw: Dart              |     6 |       ||     6
 Cast: Sting             |    20 |    15 ||    35
  Use: Scroll            |     1 |       ||     1
Armor: Robe              |       |     2 ||     2
Dodge: Dodged            |    10 |    13 ||    23

Table legend: (Time is in decaauts)
 A = Elapsed time spent in this place.
 B = Non-inter-level travel time spent in this place.
 C = Inter-level travel time spent in this place.
 D = Time resting spent in this place.
 E = Time spent auto-exploring this place.
 F = Levels seen in this place.
 G = Mean time per level.
                   A        B        C        D        E       F      G
               +--------+--------+--------+--------+--------+-----+--------+
         Total |    456 |    456 |      0 |      0 |      0 |   5 |   91.2 |
       Dungeon |    456 |    456 |      0 |      0 |      0 |   5 |   91.2 |
               +--------+--------+--------+--------+--------+-----+--------+

Top non-repeatable levels by time:
     D:3: 124 daAuts
     D:2: 113 daAuts
     D:1: 99 daAuts
     D:4: 71 daAuts
     D:5: 47 daAuts
